 Dungeon Crawl Stone Soup version 0.26-a0-660-gc07710193c (webtiles) character file.

Game seed: 2288658337460171594

93 flotson the Skirmisher (level 4, 0/49 HPs)
             Began as an Ogre Berserker on Oct 8, 2020.
             Was a Believer of Trog.
             Slain by Sigmund
             ... wielding a +0 scythe
              (7 damage)
             ... on level 2 of the Dungeon.
             The game lasted 00:02:33 (1762 turns).

flotson the Skirmisher (Ogre Berserker)             Turns: 1762, Time: 00:02:33

Health: 0/49       AC:  3    Str: 22    XL:     4   Next: 62%
Magic:  4/4        EV: 10    Int:  8    God:    Trog [**....]
Gold:   100        SH:  0    Dex:  8    Spells: 3/3 levels left

rFire    . . .     SeeInvis .   a - +0 hand axe
rCold    . . .     Faith    .   (no shield)
rNeg     . . .     Spirit   .   b - +0 animal skin
rPois    .         Reflect  .   (helmet restricted)
rElec    .         Harm     .   (no cloak)
rCorr    .         Rampage  .   (gloves unavailable)
MR       .....                  (boots unavailable)
Stlth    +.........             (no amulet)
HPRegen  0.16/turn              (no ring)
MPRegen  0.09/turn              (no ring)

@: no status effects
A: large, unfitting armour, tough skin 1
a: Berserk, Trog's Hand, Renounce Religion


You were on level 2 of the Dungeon.
You worshipped Trog.
Trog was pleased with you.
You visited 1 branch of the dungeon, and saw 2 of its levels.

You collected 100 gold pieces.

Inventory:

Hand Weapons
 a - a +0 hand axe (weapon)
Missiles
 e - 7 poisoned darts (quivered)
Armour
 b - a +0 animal skin (worn)
Scrolls
 f - a scroll of random uselessness {unknown}
 g - 2 scrolls of identify {unknown}
 i - a scroll of enchant armour {unknown}
 k - 2 scrolls of immolation {unknown}
 n - 4 scrolls of remove curse {unknown}
 o - 2 scrolls of noise {unknown}
 p - a scroll of magic mapping {unknown}
Potions
 c - a potion of flight {unknown}
 d - 2 potions of berserk rage {unknown}
 h - a potion of cancellation {unknown}
 j - a potion of mutation {unknown}
 l - a potion of resistance {unknown}
 q - 2 potions of curing {unknown}


   Skills:
 + Level 4.9 Fighting
 + Level 4.1 Axes
 + Level 0.7 Throwing
 + Level 3.2 Dodging


You had 3 spell levels left.
You didn't know any spells.
Your spell library was empty.

Dungeon Overview and Level Annotations

Branches:
Dungeon (2/15)

Altars:
Hepliaklqana

Annotations:
D:2 Sigmund


Innate Abilities, Weirdness & Mutations

You are too large for most types of armour.
You have tough skin. (AC +1)


Message History

Sigmund looks more healthy.
Sigmund points at you and mumbles some strange words.
The puff of flame hits you.
You barely miss Sigmund.
Sigmund is almost dead.
Sigmund mumbles some strange words.
Sigmund flickers and vanishes!
Deactivating autopickup; reactivate with Ctrl-A.
No target in view!
No target in view!
No target in view!
You closely miss something. Something hits you.
You miss something. You miss something. Something hits you.
You barely miss something. Something hits you!
You closely miss something. Something hits you!
* * * LOW HITPOINT WARNING * * *
You barely miss something. You hit something. Something hits you!
You die...

#..... #.#.....
#.#.>.. #.#....
..##..... ......#
# ##...# #.
#.##....###
#.####
#.....@...#
#....#
#.###{###.#####
...#.. #.
#.....#####....
..
#####.....###..
.#. #####.....#
....
###########... ..
.. #.............
... ..
.##...####.)....
......>#....†.#.#


There were no monsters in sight!

Vanquished Creatures
  4 gnolls
  An ooze (D:2)
  A worm (D:2)
  A dart slug (D:1)
  3 leopard geckos
  4 bats
  A giant cockroach (D:2)
  7 goblins
  5 hobgoblins
  7 frilled lizards
  3 kobolds
  9 rats
46 creatures vanquished.

Notes
Turn   | Place    | Note
-------+----------+-------------------------------------------
     0 | D:1      | flotson the Ogre Berserker began the quest for the Orb.
     0 | D:1      | Reached XP level 1. HP: 24/24 MP: 1/1
   131 | D:1      | Reached XP level 2. HP: 23/32 MP: 2/2
   587 | D:1      | Reached XP level 3. HP: 22/40 MP: 3/3
  1040 | D:1      | Reached ** piety under Trog
  1040 | D:1      | Reached XP level 4. HP: 32/49 MP: 4/4
  1606 | D:2      | Found a hazy altar of Hepliaklqana.
  1745 | D:2      | Noticed Sigmund
  1762 | D:2      | Slain by Sigmund

Illustrated notes

Levels and vault maps discovered:
D:1:      saegor_arrival_simple_a, layout_basic, kennysheep_pointless_box
D:2:      layout_rooms, old_standard_altar, okawaru_altar_gauntlet_db,
          uniq_crazy_yiuf_cottage, uniq_sigmund

Skill      XL: |  1  2  3  4 |
---------------+-------------+-----
Dodging        | 3 |  3.2
Axes           | 4 |  4.1
Fighting       | |  4.9
Throwing       | |  0.7

Action                   |  1- 3 |  4- 6 || total
-------------------------+-------+-------++-------
Melee: Hand axe          |    52 |    63 ||   115
Throw: Large rock        |    11 |     3 ||    14
       Dart              |       |     1 ||     1
Armor: Animal skin       |    17 |     6 ||    23
Dodge: Dodged            |    33 |    26 ||    59

Table legend: (Time is in decaauts)
 A = Elapsed time spent in this place.
 B = Non-inter-level travel time spent in this place.
 C = Inter-level travel time spent in this place.
 D = Time resting spent in this place.
 E = Time spent auto-exploring this place.
 F = Levels seen in this place.
 G = Mean time per level.
                   A        B        C        D        E       F      G
               +--------+--------+--------+--------+--------+-----+--------+
         Total |   1789 |   1697 |     92 |    104 |   1289 |   2 |  894.5 |
       Dungeon |   1789 |   1697 |     92 |    104 |   1289 |   2 |  894.5 |
               +--------+--------+--------+--------+--------+-----+--------+

Top non-repeatable levels by time:
     D:1: 1154 daAuts
     D:2: 635 daAuts
